 Dungeon Crawl Stone Soup version 0.25-a0-419-g7650d0de75 (webtiles) character file.

Game seed: 391280369089088029, levelgen mode: deterministic

6 vurker the Gusty (level 1, -3/10 HPs)
             Began as a Tengu Air Elementalist on Jan 17, 2020.
             Slain by a hobgoblin
             ... wielding a +0 club
              (5 damage)
             ... on level 1 of the Dungeon.
             The game lasted 00:00:46 (334 turns).

vurker the Gusty (Tengu Air Elementalist)            Turns: 334, Time: 00:00:46

Health: -3/10      AC:  2    Str:  8    XL:     1   Next: 90%
Magic:  1/4        EV: 12    Int: 15    God:
Gold:   42         SH:  0    Dex: 14    Spells: 3/4 levels left

rFire    . . .     SeeInvis .   g - +0 short sword
rCold    . . .     Gourm    .   (no shield)
rNeg     . . .     Faith    .   a - +0 robe
rPois    .         Spirit   .   (helmet restricted)
rElec    .         Reflect  .   (no cloak)
rCorr    .         Harm     .   (no gloves)
MR       .....                  (boots unavailable)
Stlth    ++........             (no amulet)
HPRegen  0.03/turn              (no ring)
MPRegen  0.09/turn              (no ring)

@: no status effects
A: beak, talons 3
a: no special abilities


You were on level 1 of the Dungeon.
You were not hungry.

You visited 1 branch of the dungeon, and saw 1 of its levels.

You collected 42 gold pieces.

Inventory:

Hand Weapons
 g - a +0 short sword (weapon)
   (You took it off a kobold on level 1 of the Dungeon)
Armour
 a - a +0 robe (worn)
Scrolls
 b - a scroll of identify {unknown}
 c - a scroll of teleportation {unknown}
 d - a scroll of enchant weapon {unknown}
Comestibles
 e - a ration
 f - a chunk of flesh


   Skills:
 + Level 0.2 Fighting
 - Level 2.1 Dodging
 - Level 2.0 Stealth
 * Level 2.1 Spellcasting
 * Level 1.8 Conjurations
 * Level 4.1 Air Magic


You had 3 spell levels left.
You knew the following spells:

 Your Spells              Type           Power        Failure   Level  Hunger
a - Shock                 Conj/Air       ##..         6%          1    #......

Your spell library contained the following spells:

 Spells                   Type           Power        Failure   Level  Hunger
 Swiftness                Chrm/Air       #.......     14%         2    ###....
 Static Discharge         Conj/Air       ##......     19%         3    ###....
 Airstrike                Air            ##........   36%         4    #####..
 Lightning Bolt           Conj/Air       ##........   87%         5    ######.


Dungeon Overview and Level Annotations

Branches:
Dungeon (1/15)

Altars:


Innate Abilities, Weirdness & Mutations

You have a beak for a mouth.
You have claws for feet.


Message History

Found a hand axe.
Search for what [? for help]? ego
Found a scroll labeled HIUR SUMIRE.
Found 5 gold pieces.
A rat comes into view.
You see here a scroll labeled HIUR SUMIRE.
A rat is nearby!
Aim: a rat (resting)
The zap hits the rat.
You kill the rat!
You can't see any susceptible monsters within range! (Use Z to cast anyway.)
d - a scroll labeled HIUR SUMIRE You now have 42 gold pieces (gained 5).
You butcher the rat corpse.
f - a chunk of flesh You see here a rat skeleton. x2
Found a stone staircase leading down.
Found 3 scrolls labeled PUSTRE FAYPE.
A kobold comes into view. It is wielding a +0 short sword.
You see here 3 scrolls labeled PUSTRE FAYPE.
A kobold is nearby!
Aim: a kobold, wielding a +0 short sword (resting)
The zap hits the kobold.
The kobold shouts!
You hear a shout!
Aim: a kobold, wielding a +0 short sword (severely wounded)
The zap misses the kobold. x2
Aim: a kobold, wielding a +0 short sword (severely wounded) That beam is likely to hit you.
Continue anyway?
Okay, then.
You don't know that spell.
Aim: a kobold, wielding a +0 short sword (severely wounded)
The zap misses the kobold. x2
A hobgoblin comes into view. It is wielding a +0 club.
The kobold closely misses you.
Aim: a kobold, wielding a +0 short sword (severely wounded)
The zap hits the kobold.
You kill the kobold!
You see here a +0 short sword.
g - a +0 short sword The hobgoblin closely misses you.
A rat comes into view.
g - a +0 short sword (weapon)
The hobgoblin hits you with a +0 club.
You hit the hobgoblin but do no damage. Your peck misses the hobgoblin.
The hobgoblin hits you with a +0 club.
Ouch! That really hurt!
* * * LOW HITPOINT WARNING * * *
The zap hits the hobgoblin. x2; The hobgoblin hits you with a +0 club.
Ouch! That really hurt!
You die...

#.# #..##.# #.#
#..##.# ###### #.#
#..##.####..... #.#
#>..........### #.#
##.##.##.#.#.## #.#
#.##.#..#.##.# #.#
#.##.........#
#.######.####รท.#.##.#
#..g@............#...
########.............
######........
#########


You could see a hobgoblin.

Vanquished Creatures
  A goblin (D:1)
  A hobgoblin (D:1)
  A bat (D:1)
  2 kobolds (D:1)
  A rat (D:1)
6 creatures vanquished.

Notes
Turn   | Place    | Note
-------+----------+-------------------------------------------
     0 | D:1      | vurker the Tengu Air Elementalist began the quest for the
                  | Orb.
     0 | D:1      | Reached XP level 1. HP: 10/10 MP: 4/4
   334 | D:1      | Slain by a hobgoblin

Levels and vault maps discovered:
D:1:      minmay_arrival_stone_box, layout_loops_ring

Action                   || total
-------------------------++-------
Melee: Short sword       ||     1
 Cast: Shock             ||    14
Armor: Robe              ||     1
Dodge: Dodged            ||     5

Table legend:
 A = Non-vault XP
 B = Vault XP
 C = Vault XP percentage of total XP
 D = Non-vault monster count
 E = Vault monster count
 F = Vault count percentage of total count
                 A         B        C        D         E       F
            +---------+---------+-------+---------+---------+-------
      Total |       9 |       0 |   0.0 |       6 |       0 |   0.0
            +---------+---------+-------+---------+---------+-------
        D:1 |       9 |       0 |   0.0 |       6 |       0 |   0.0
            +---------+---------+-------+---------+---------+-------
